 Dungeon Sprint DCSS version 0.30.1-9-gdf580d7c3d (webtiles) character file.

Game seed: 1028687853039263484

1507 Heoruswealwe the Impaler (level 8, -20/83 HPs)
             Began as a Minotaur Fighter on Oct 4, 2023.
             Was an Initiate of Gozag.
             Demolished by a white ugly thing (32 damage)
             ... in the Dungeon (Sprint IX: "|||||||||||||||||||||||||||||").
             The game lasted 00:02:59 (289 turns).

Heoruswealwe the Impaler (Minotaur Fighter)          Turns: 289, Time: 00:03:01

Health: -20/83     AC: 25    Str: 22    XL:     8   Next: 53%
Magic:  7/7        EV:  7    Int:  5    God:    Gozag
Gold:   414        SH:  0    Dex: 11    Spells: 7/7 levels left

rFire   . . .        b - +2 halberd (protect)
rCold   . . .        (shield currently unavailable)
rNeg    . . .        c - +0 plate armour
rPois   .            (helmet restricted)
rElec   .            h - +0 cloak
rCorr   .            (no gloves)
SInv    .            e - +0 pair of boots
Will    .....        (no amulet) Stlth
                     (no ring)
HPRegen 0.33/turn    (no ring)
MPRegen 0.10/turn

%: no teleportation
@: under a protective aura
A: horns 2, retaliatory headbutt
a: Renounce Religion, Potion Petition, Call Merchant, Bribe Branch


You were in the Dungeon.
You worshipped Gozag.
Gozag was aware of your devotion.
You visited 1 branch You collected 414 gold pieces.

Inventory:

Hand Weapons
 a - a +0 trident
 b - a +2 halberd of protection (weapon)
Armour
 c - a +0 plate armour (worn)
 d - a +0 buckler
 e - a +0 pair of boots (worn)
 h - a +0 cloak (worn)
Wands
 l - a wand of roots (10)
Scrolls
 j - 2 scrolls of blinking
Potions
 f - 3 potions of heal wounds
 g - a potion of haste
 i - a potion of berserk rage
 k - a potion of might
 m - 3 potions of curing


   Skills:
 + Level 12.0 Fighting
 * Level 16.0 Polearms
 + Level 12.0 Armour
 - Level 3.6 Shields


You had 7 spell levels left.
You didn't know any spells.
Your spell library was empty.

Dungeon Overview and Level Annotations

Branches:
Dungeon (1/1)

Altars:
Cheibriados
Dithmenos
Elyvilon
Fedhas
Gozag
Hepliaklqana
Kikubaaqudgha
Makhleb
Nemelex Xobeh
Okawaru
Qazlal
Ru
Sif Muna
Trog
Uskayaw
Vehumet
Wu Jian
Xom
Yredelemnul
Zin
The Shining One
Jiyva
Lugonu


Innate Abilities, Weirdness & Mutations

You have a pair of horns on your head.
You reflexively headbutt those who attack you in melee.


Message History

You slash the tengu conjurer!
Your headbutt misses the tengu conjurer.
The tengu conjurer is severely wounded.
The tengu conjurer casts a spell.
The tengu conjurer blinks!
The white ugly thing bites you. The white ugly thing freezes you!!
* * * LOW HITPOINT WARNING * * *
There is an open door, spattered with blood here.
Things that are here:
450 gold pieces; 3 large rocks You slash the white ugly thing!
The white ugly thing is lightly wounded.
The white ugly thing bites you but does no damage.
You impale the white ugly thing!!
The white ugly thing is heavily wounded.
The white ugly thing bites you but does no damage.
You hit the white ugly thing.
The white ugly thing is heavily wounded.
You barely miss the white ugly thing. You headbutt the white ugly thing.
The white ugly thing is heavily wounded.
The white ugly thing barely misses you.
The tengu conjurer mumbles some strange words.
The tengu conjurer conjures a globe of magical energy!
A battlesphere comes into view.
You slash the white ugly thing!
The white ugly thing is severely wounded.
The white ugly thing bites you but does no damage.
You closely miss the white ugly thing.
You headbutt the white ugly thing, but do no damage.
The white ugly thing is severely wounded.
You slash the white ugly thing!
The white ugly thing is almost dead.
The white ugly thing bites you but does no damage.
You hit the white ugly thing. You headbutt the white ugly thing.
The white ugly thing is almost dead.
The white ugly thing bites you.
* * * LOW HITPOINT WARNING * * *
The white ugly thing freezes you!!
You die...
Your body crumbles into a pile of gold. $$$$ $ $ $ $$$$$ $ ▓▓▓▓▓▓▓▓▓▓▓▓▓▓▓▓▓▓▓▓▓▓▓▓ !?)[=....)......@ulQ*..+ ▓▓▓▓▓▓▓▓▓▓▓▓▓▓▓▓▓▓▓▓▓▓▓▓

You could see a white ugly thing, a basilisk, a tengu conjurer and a battlesphere (distracted).

Vanquished Creatures
  A cyclops (D)
  An unseen horror (D)
  2 trolls (D)
  2 vampire mosquitoes (D)
  A kobold brigand (D)
  A killer bee (D)
  A howler monkey (D)
  An orc wizard (D)
  A white imp (D)
  An ufetubus (D)
  A worm (D)
  An orc (D)
  A giant cockroach (D)
  A quokka (D)
  2 ball pythons (D)
  A frilled lizard (D)
19 creatures vanquished.

Notes
Turn   | Place    | Note
-------+----------+-------------------------------------------
     0 | D        | Heoruswealwe the Minotaur Fighter began the quest for the
                  | Orb.
     0 | D        | Reached XP level 1. HP: 19/19 MP: 0/0
    12 | D        | Reached skill level 3 in Polearms
    25 | D        | Noticed an orc wizard
    28 | D        | Reached skill level 4 in Polearms
    28 | D        | Reached XP level 2. HP: 28/28 MP: 1/1
    40 | D        | Reached skill level 5 in Fighting
    40 | D        | Reached skill level 5 in Polearms
    40 | D        | Reached skill level 5 in Armour
    40 | D        | Reached XP level 3. HP: 17/36 MP: 2/2
    42 | D        | Reached skill level 6 in Polearms
    52 | D        | Found a snail-covered altar of Cheibriados.
    52 | D        | Found a shadowy altar of Dithmenos.
    52 | D        | Found a white marble altar of Elyvilon.
    52 | D        | Found a blossoming altar of Fedhas.
    52 | D        | Found an opulent altar of Gozag.
    53 | D        | Found a hazy altar of Hepliaklqana.
    54 | D        | Found a viscous altar of Jiyva.
    55 | D        | Found an ancient bone altar of Kikubaaqudgha.
    56 | D        | Found a corrupted altar of Lugonu.
    57 | D        | Found a burning altar of Makhleb.
    58 | D        | Found a sparkling altar of Nemelex Xobeh.
    59 | D        | Found an iron altar of Okawaru.
    60 | D        | Became a worshipper of Gozag Ym Sagoz the Greedy
    61 | D        | Found a stormy altar of Qazlal.
    62 | D        | Found a sacrificial altar of Ru.
    63 | D        | Found a shimmering blue altar of Sif Muna.
    64 | D        | Found a bloodstained altar of Trog.
    65 | D        | Found a hide-covered altar of Uskayaw.
    66 | D        | Found a radiant altar of Vehumet.
    67 | D        | Found an ornate altar of the Wu Jian Council.
    68 | D        | Found a shimmering altar of Xom.
    69 | D        | Found a basalt altar of Yredelemnul.
    70 | D        | Found a glowing silver altar of Zin.
    71 | D        | Found a glowing golden altar of the Shining One.
   148 | D        | Noticed a killer bee
   148 | D        | Noticed a vampire mosquito
   148 | D        | Noticed a troll
   148 | D        | Noticed a kobold brigand
   148 | D        | Noticed a vampire mosquito
   155 | D        | Killed a killer bee
   156 | D        | Reached skill level 7 in Polearms
   156 | D        | Reached XP level 4. HP: 39/44 MP: 3/3
   158 | D        | Killed a vampire mosquito
   159 | D        | Reached skill level 10 in Polearms
   159 | D        | Reached XP level 5. HP: 47/53 MP: 4/4
   164 | D        | Killed a troll
   165 | D        | Reached skill level 12 in Polearms
   165 | D        | Reached XP level 6. HP: 37/64 MP: 5/5
   179 | D        | Killed a vampire mosquito
   180 | D        | Reached skill level 10 in Fighting
   180 | D        | Reached skill level 13 in Polearms
   180 | D        | Reached skill level 10 in Armour
   180 | D        | Reached XP level 7. HP: 53/72 MP: 6/6
   191 | D        | Killed an unseen horror
   192 | D        | Reached skill level 14 in Polearms
   249 | D        | Noticed a troll
   249 | D        | Noticed a cyclops
   249 | D        | Noticed a tengu conjurer
   249 | D        | Noticed a white ugly thing
   249 | D        | Noticed a basilisk
   254 | D        | Killed a troll
   255 | D        | Reached skill level 15 in Polearms
   255 | D        | Reached XP level 8. HP: 69/82 MP: 7/7
   265 | D        | Killed a cyclops
   270 | D        | Reached skill level 16 in Polearms
   289 | D        | Demolished by a white ugly thing

Illustrated notes

Levels and vault maps discovered:
D:        linesprint [early_d, line_temple, items_1, d_10, items_2, lair_1,
          lair_end, items_3, orc_1, orc_end, items_4, d_15, swamp_1, shoals_1,
          snake_1, spider_1, d_20, vaults_1, items_5, swamp_end, shoals_end,
          snake_end, spider_end, vaults_end, d_27, items_6, zot_1, zot_end,
          crypt_end, forest_end, elf_end, slime_end, tomb_end, abyss_end,
          pan_hell_end]

Skill      XL: |  1  2  3  4  5  6  7  8 |
---------------+-------------------------+-----
Polearms       | 4 5 7 10 12 13 15 16 | 16.0
Fighting       | 4 5 6 7 9 10 11 12 | 12.0
Armour         | 4 5 6 7 9 10 11 12 | 12.0
Shields        | |  3.6

Action                     |  1- 3 |  4- 6 |  7- 9 || total
---------------------------+-------+-------+-------++-------
  Melee: Trident           |    34 |       |       ||    34
         Headbutt          |     5 |     4 |    12 ||    21
         Halberd           |     6 |    23 |    47 ||    76
    Use: Potion            |     1 |     1 |       ||     2
   Stab: Distracted        |       |     1 |       ||     1
 Armour: Scale mail        |    10 |       |       ||    10
         Plate armour      |     8 |    16 |    39 ||    63
  Dodge: Dodged            |    18 |     6 |     9 ||    33
  Block: Buckler           |     4 |       |       ||     4
